[ PARTIDA AOE2 · #505668996 ]
UnrankedJaponeses vs Saracens
Equipo del jugador · VICT
Equipo rival · DERR
[ ANÁLISIS DE REPETICIÓN · EXTRAÍDO DE LA PARTIDA GRABADA ]
Feudal
9:15
Castillos
20:43
Imperial
—
| APM promedio | 64.6 |
| APM pico | 114 |
| eAPM promedio | 26.1 |
| Aldeanos / militares | 137 / 90 |
Foco
⚔️ 33.1% · 🌾 66.9%
Skirmisher ×42 · Archer ×31 · Samurai ×7 · Mangonel ×5 · Militia ×4 · Monk ×1
Feudal
8:51
Castillos
22:03
Imperial
—
| APM promedio | 64.7 |
| APM pico | 103 |
| eAPM promedio | 30.3 |
| Aldeanos / militares | 103 / 75 |
Foco
⚔️ 41.8% · 🌾 58.2%
Archer ×60 · Mangonel ×6 · Monk ×4 · Scout Cavalry ×4 · Spearman ×1
Mapa de la partida
Recursos iniciales + cada clic de construcción. Líneas = muros · curvas = relieve. ◆ oro · ⬟ piedra · ● bayas · ✦ reliquia · ◌ hueco del cierre
Tu base· ✓ Cerrada en 20:43 · 31t muro · sin puerta
Base de DS_cachivache· Abierta — el rival se encerró
Terreno inicial suavizado · ◌ = hueco del cierre detectado · pasá el cursor para detalles
Inputs por minuto
— Populus - - DS_cachivache
Build order — Populus
Primeras 150 de 387 acciones detectadas
| 0:00 | Crear | Villager (Male) |
| 0:00 | Crear | Villager (Male) |
| 0:00 | Crear | Villager (Male) |
| 0:01 | Construir | House |
| 0:02 | Crear | Villager (Male) |
| 0:04 | Construir | House |
| 1:27 | Crear | Villager (Male) |
| 1:56 | Crear | Villager (Male) |
| 2:12 | Construir | Lumber Camp |
| 2:28 | Crear | Villager (Male) |
| 2:38 | Crear | Villager (Male) |
| 2:59 | Crear | Villager (Male) |
| 3:33 | Construir | Palisade Wall |
| 3:43 | Crear | Villager (Male) |
| 3:46 | Crear | Villager (Male) |
| 3:50 | Construir | House |
| 3:52 | Construir | House |
| 3:58 | Crear | Villager (Male) |
| 4:38 | Crear | Villager (Male) |
| 4:55 | Crear | Villager (Male) |
| 5:02 | Construir | Mill |
| 5:08 | Crear | Villager (Male) |
| 5:52 | Crear | Villager (Male) |
| 5:53 | Investigar | Loom |
| 6:20 | Construir | Barracks |
| 7:03 | Investigar | Feudal Age |
| 7:21 | Crear | Militia |
| 7:21 | Crear | Militia |
| 7:26 | Construir | House |
| 7:34 | Crear | Villager (Male) |
| 7:53 | Construir | Mining Camp |
| 7:58 | Crear | Militia |
| 8:16 | Crear | Militia |
| 9:15 | Edad | Edad Feudal |
| 9:21 | Investigar | Man-at-Arms (upgrade) |
| 9:21 | Investigar | Man-at-Arms (upgrade) |
| 9:29 | Crear | Villager (Male) |
| 9:33 | Construir | Archery Range |
| 9:59 | Crear | Villager (Male) |
| 10:09 | Crear | Villager (Male) |
| 10:10 | Construir | Farm |
| 10:11 | Construir | Farm |
| 10:14 | Investigar | Double-Bit Axe |
| 10:24 | Construir | House |
| 10:40 | Crear | Villager (Male) |
| 10:51 | Crear | Villager (Male) |
| 10:54 | Construir | Farm |
| 11:14 | Crear | Villager (Male) |
| 11:19 | Crear | Skirmisher |
| 11:19 | Crear | Skirmisher |
| 11:28 | Construir | Farm |
| 11:29 | Construir | Farm |
| 11:30 | Construir | Farm |
| 11:30 | Construir | Farm |
| 11:48 | Crear | Villager (Male) |
| 11:49 | Construir | Farm |
| 11:52 | Crear | Archer |
| 11:57 | Construir | House |
| 11:58 | Construir | Palisade Wall |
| 12:13 | Crear | Skirmisher |
| 12:18 | Construir | House |
| 12:19 | Construir | Palisade Wall |
| 12:20 | Construir | Palisade Wall |
| 12:24 | Construir | Palisade Wall |
| 12:27 | Crear | Villager (Male) |
| 12:29 | Crear | Skirmisher |
| 12:34 | Construir | House |
| 12:34 | Construir | Palisade Wall |
| 12:43 | Crear | Archer |
| 12:48 | Crear | Villager (Male) |
| 12:53 | Construir | Palisade Wall |
| 12:56 | Construir | House |
| 12:56 | Construir | House |
| 13:15 | Crear | Villager (Male) |
| 13:16 | Crear | Skirmisher |
| 13:21 | Construir | Farm |
| 13:22 | Construir | Farm |
| 13:26 | Crear | Villager (Male) |
| 13:27 | Construir | Blacksmith |
| 13:49 | Crear | Villager (Male) |
| 14:10 | Crear | Skirmisher |
| 14:19 | Crear | Villager (Male) |
| 14:25 | Construir | Palisade Wall |
| 14:34 | Crear | Villager (Male) |
| 14:35 | Construir | Farm |
| 14:38 | Construir | Farm |
| 14:39 | Construir | Farm |
| 14:41 | Construir | Farm |
| 14:43 | Crear | Villager (Male) |
| 14:46 | Construir | Farm |
| 14:50 | Crear | Archer |
| 15:15 | Construir | Farm |
| 15:25 | Investigar | Fletching |
| 15:25 | Crear | Villager (Male) |
| 15:31 | Crear | Villager (Male) |
| 15:40 | Construir | Farm |
| 16:02 | Crear | Villager (Male) |
| 16:05 | Crear | Skirmisher |
| 16:20 | Crear | Villager (Male) |
| 16:27 | Construir | Lumber Camp |
| 16:31 | Crear | Archer |
| 16:56 | Crear | Archer |
| 17:10 | Crear | Villager (Male) |
| 17:17 | Construir | House |
| 17:18 | Construir | House |
| 18:03 | Investigar | Castle Age |
| 18:08 | Crear | Archer |
| 18:09 | Crear | Archer |
| 18:13 | Construir | Archery Range |
| 18:27 | Crear | Skirmisher |
| 18:30 | Crear | Archer |
| 18:31 | Crear | Archer |
| 18:49 | Crear | Archer |
| 18:51 | Investigar | Padded Archer Armor |
| 19:08 | Crear | Archer |
| 19:08 | Crear | Archer |
| 19:25 | Crear | Skirmisher |
| 19:25 | Crear | Skirmisher |
| 19:26 | Crear | Villager (Male) |
| 19:37 | Crear | Skirmisher |
| 19:46 | Crear | Archer |
| 19:46 | Crear | Archer |
| 19:55 | Crear | Archer |
| 19:55 | Crear | Archer |
| 19:58 | Crear | Villager (Male) |
| 20:06 | Investigar | Horse Collar |
| 20:26 | Construir | House |
| 20:26 | Construir | House |
| 20:27 | Construir | House |
| 20:43 | Edad | Edad de los Castillos |
| 20:45 | Investigar | Bodkin Arrow |
| 20:46 | Investigar | Crossbowman (upgrade) |
| 21:01 | Crear | Villager (Male) |
| 21:03 | Construir | Palisade Gate |
| 21:10 | Crear | Archer |
| 21:10 | Crear | Archer |
| 21:24 | Crear | Villager (Male) |
| 21:29 | Construir | Town Center |
| 21:33 | Crear | Archer |
| 21:33 | Crear | Archer |
| 21:47 | Crear | Villager (Male) |
| 21:48 | Crear | Villager (Male) |
| 21:52 | Construir | Town Center |
| 22:01 | Crear | Archer |
| 22:01 | Crear | Archer |
| 22:02 | Crear | Villager (Male) |
| 22:28 | Crear | Villager (Male) |
| 22:53 | Crear | Archer |
| 22:53 | Crear | Archer |
| 22:53 | Crear | Villager (Male) |
Build order — DS_cachivache
Primeras 150 de 280 acciones detectadas
| 0:00 | Crear | Villager (Male) |
| 0:00 | Crear | Villager (Male) |
| 0:01 | Construir | House |
| 0:02 | Construir | House |
| 0:04 | Construir | House |
| 0:09 | Crear | Villager (Male) |
| 0:18 | Crear | Villager (Male) |
| 1:19 | Crear | Villager (Male) |
| 1:51 | Crear | Villager (Male) |
| 2:16 | Crear | Villager (Male) |
| 2:48 | Crear | Villager (Male) |
| 2:53 | Crear | Villager (Male) |
| 3:09 | Construir | Lumber Camp |
| 3:41 | Crear | Villager (Male) |
| 3:50 | Construir | House |
| 4:03 | Crear | Villager (Male) |
| 4:03 | Crear | Villager (Male) |
| 4:06 | Crear | Villager (Male) |
| 4:07 | Crear | Villager (Male) |
| 5:28 | Construir | Mill |
| 5:28 | Crear | Villager (Male) |
| 6:11 | Investigar | Loom |
| 6:38 | Investigar | Feudal Age |
| 7:41 | Construir | Barracks |
| 7:48 | Construir | House |
| 7:51 | Construir | House |
| 8:08 | Construir | Mining Camp |
| 8:09 | Crear | Villager (Male) |
| 8:18 | Crear | Villager (Male) |
| 8:51 | Edad | Edad Feudal |
| 8:53 | Construir | Archery Range |
| 9:18 | Construir | Palisade Wall |
| 9:19 | Construir | Palisade Wall |
| 9:23 | Construir | Market |
| 9:31 | Crear | Villager (Male) |
| 9:32 | Crear | Archer |
| 9:39 | Crear | Spearman |
| 9:44 | Construir | Palisade Wall |
| 9:49 | Crear | Villager (Male) |
| 9:50 | Crear | Villager (Male) |
| 10:13 | Construir | Palisade Wall |
| 10:18 | Construir | Palisade Wall |
| 10:22 | Construir | Palisade Wall |
| 10:30 | Construir | Palisade Wall |
| 10:38 | Crear | Villager (Male) |
| 11:07 | Crear | Archer |
| 11:08 | Crear | Archer |
| 11:13 | Crear | Villager (Male) |
| 11:28 | Construir | Palisade Wall |
| 11:30 | Construir | Palisade Wall |
| 11:36 | Crear | Archer |
| 11:40 | Crear | Villager (Male) |
| 11:40 | Crear | Archer |
| 11:43 | Crear | Archer |
| 11:52 | Construir | House |
| 11:54 | Crear | Villager (Male) |
| 11:55 | Crear | Archer |
| 12:22 | Crear | Villager (Male) |
| 12:39 | Construir | Farm |
| 12:45 | Construir | House |
| 12:46 | Construir | Palisade Wall |
| 12:57 | Construir | Farm |
| 12:59 | Crear | Villager (Male) |
| 13:02 | Crear | Archer |
| 13:13 | Construir | Palisade Wall |
| 13:19 | Crear | Archer |
| 13:22 | Construir | Farm |
| 13:24 | Construir | Farm |
| 13:25 | Crear | Villager (Male) |
| 13:33 | Construir | Blacksmith |
| 13:42 | Construir | House |
| 13:52 | Crear | Villager (Male) |
| 13:58 | Crear | Archer |
| 14:01 | Construir | Farm |
| 14:06 | Crear | Villager (Male) |
| 14:07 | Crear | Villager (Male) |
| 14:08 | Crear | Villager (Male) |
| 14:11 | Construir | Palisade Wall |
| 14:12 | Crear | Villager (Male) |
| 14:13 | Crear | Villager (Male) |
| 14:14 | Crear | Villager (Male) |
| 14:14 | Crear | Villager (Male) |
| 14:23 | Crear | Archer |
| 14:34 | Construir | Farm |
| 14:41 | Investigar | Fletching |
| 14:43 | Crear | Archer |
| 14:44 | Crear | Villager (Male) |
| 14:51 | Construir | Farm |
| 15:02 | Crear | Villager (Male) |
| 15:07 | Crear | Villager (Male) |
| 15:08 | Crear | Villager (Male) |
| 15:23 | Crear | Archer |
| 15:25 | Construir | Farm |
| 15:26 | Crear | Villager (Male) |
| 15:44 | Crear | Archer |
| 15:55 | Crear | Villager (Male) |
| 15:56 | Crear | Archer |
| 16:17 | Crear | Villager (Male) |
| 16:19 | Crear | Archer |
| 16:27 | Crear | Archer |
| 16:42 | Crear | Villager (Male) |
| 16:58 | Crear | Villager (Male) |
| 17:01 | Construir | Farm |
| 17:01 | Construir | Farm |
| 17:02 | Crear | Villager (Male) |
| 17:04 | Construir | Farm |
| 17:14 | Crear | Villager (Male) |
| 17:17 | Construir | Stable |
| 17:20 | Crear | Villager (Male) |
| 17:22 | Crear | Villager (Male) |
| 17:24 | Construir | Farm |
| 17:25 | Crear | Villager (Male) |
| 17:25 | Crear | Villager (Male) |
| 17:56 | Construir | Farm |
| 18:03 | Construir | Farm |
| 18:04 | Crear | Villager (Male) |
| 18:08 | Investigar | Town Watch |
| 18:13 | Crear | Scout Cavalry |
| 18:14 | Crear | Scout Cavalry |
| 18:23 | Construir | House |
| 18:26 | Crear | Villager (Male) |
| 18:30 | Crear | Villager (Male) |
| 18:32 | Crear | Villager (Male) |
| 18:35 | Crear | Scout Cavalry |
| 18:35 | Crear | Scout Cavalry |
| 18:39 | Construir | Farm |
| 18:46 | Crear | Villager (Male) |
| 18:50 | Construir | Farm |
| 19:15 | Investigar | Castle Age |
| 19:16 | Investigar | Castle Age |
| 19:27 | Crear | Archer |
| 19:59 | Crear | Archer |
| 20:10 | Construir | Archery Range |
| 20:17 | Construir | Archery Range |
| 20:21 | Construir | Archery Range |
| 20:22 | Crear | Villager (Male) |
| 20:24 | Crear | Archer |
| 20:24 | Crear | Archer |
| 20:43 | Crear | Archer |
| 21:13 | Crear | Villager (Male) |
| 21:24 | Crear | Archer |
| 21:27 | Construir | House |
| 21:28 | Crear | Villager (Male) |
| 21:29 | Construir | House |
| 21:32 | Construir | House |
| 21:49 | Crear | Archer |
| 22:03 | Edad | Edad de los Castillos |
| 22:04 | Investigar | Crossbowman (upgrade) |
| 22:05 | Investigar | Bodkin Arrow |
| 22:05 | Investigar | Bodkin Arrow |
Cronología de la partida
| 3:33 | Populus · wall_segment Palisade Wall x1 |
| 6:20 | Populus · first_building Barracks |
| 7:41 | DS_cachivache · first_building Barracks |
| 8:51 | DS_cachivache · age_up feudal |
| 8:53 | DS_cachivache · first_building Archery Range |
| 9:15 | Populus · age_up feudal |
| 9:18 | DS_cachivache · wall_segment Palisade Wall x1 |
| 9:19 | DS_cachivache · wall_segment Palisade Wall x1 |
| 9:33 | Populus · first_building Archery Range |
| 9:44 | DS_cachivache · wall_segment Palisade Wall x2 |
| 10:13 | DS_cachivache · wall_segment Palisade Wall x1 |
| 10:18 | DS_cachivache · wall_segment Palisade Wall x1 |
| 10:22 | DS_cachivache · wall_segment Palisade Wall x2 |
| 10:30 | DS_cachivache · wall_segment Palisade Wall x1 |
| 11:16 | DS_cachivache · first_market_sell 500 stone |
| 11:28 | DS_cachivache · wall_segment Palisade Wall x1 |
| 11:30 | DS_cachivache · wall_segment Palisade Wall x1 |
| 11:58 | Populus · wall_segment Palisade Wall x7 |
| 12:19 | Populus · wall_segment Palisade Wall x7 |
| 12:20 | Populus · wall_segment Palisade Wall x4 |
| 12:24 | Populus · wall_segment Palisade Wall x2 |
| 12:34 | Populus · wall_segment Palisade Wall x5 |
| 12:46 | DS_cachivache · wall_segment Palisade Wall x7 |
| 12:53 | Populus · wall_segment Palisade Wall x5 |
| 13:13 | DS_cachivache · wall_segment Palisade Wall x1 |
| 13:56 | DS_cachivache · first_market_buy 100 food |
| 14:11 | DS_cachivache · wall_segment Palisade Wall x5 |
| 14:25 | Populus · wall_segment Palisade Wall x1 |
| 17:17 | DS_cachivache · first_building Stable |
| 20:43 | Populus · age_up castle |
| 22:03 | DS_cachivache · age_up castle |
| 23:13 | Populus · wall_segment Palisade Wall x1 |
| 24:43 | DS_cachivache · wall_segment Palisade Wall x1 |
| 26:31 | DS_cachivache · first_building Siege Workshop |
| 26:39 | Populus · first_building Siege Workshop |
| 27:33 | DS_cachivache · first_building Monastery |
| 31:54 | Populus · first_building Monastery |
| 32:02 | Populus · first_building Castle |
| 36:03 | Populus · first_market_sell 100 wood |
| 36:46 | DS_cachivache · resign |
[ ANÁLISIS IA · 1 CRÉDITO ]
¿Qué pasó realmente en esta partida?
Wolo.gg analiza cada decisión: build order, eco, micro, errores típicos por bracket. Análisis personalizado por WhatsApp o Discord en 30 segundos.
Guía civ
Japoneses
Perfil
Jugador #19588950